AoeStats
← Pickled-Bepis

Arabia

513141011Analyzed
1v1 RM · 5d ago on Oct 12, 2026· 33m 12s· 2 players
Game mode
Random Map
Map size
Tiny (2 player)
Population
200
Speed
Normal
Resources
Standard
Victory
Conquest
Starting age
Dark Age
Ending age
Imperial Age
RankedLock teamsTeams togetherTeam positionsShared explorationLock speedFull tech treeHidden civsTurbo modeCheats
Victory
Defeat
🇬🇧 Lithuanians · United Kingdom
1213
+15
vs
🇪🇸 Franks · Spain
1197
-15
Stihl
6:57 Loom
9:41 Feudal Age
10:33 Double-Bit Axe
19:54 Castle Age
19:40 Scale Barding Armor
19:45 Forging
24:22 Gold Mining
26:10 Scale Mail Armor
26:50 Iron Casting
27:26 Husbandry
27:46 Pikeman
30:59 Wheelbarrow
33:56 Imperial Age
32:59 Chain Barding Armor
Pickled-Bepis
7:41 Loom
9:26 Feudal Age
10:36 Double-Bit Axe
10:35 Horse Collar
13:47 Scale Barding Armor
15:23 Forging
18:08 Wheelbarrow
20:37 Castle Age
20:32 Bloodlines
22:00 Husbandry
25:20 Bow Saw
25:13 Heavy Plow
26:31 Chain Barding Armor
29:38 Town Watch
30:08 Hand Cart
32:35 Gold Mining
33:54 Iron Casting
Connection lost

Rejoining the realm…

Still unreachable

The connection could not be restored.

Session expired

The server has moved on; the page needs a fresh start.